 Dungeon Crawl Stone Soup version 0.29.0-4-gdea44cf6ec (webtiles) character file.

Game seed: 3089347405267573522

63 qw the Chopper (level 4, 0/25 (28) HPs)
             Began as a Barachi Chaos Knight on Sept 4, 2022.
             Succumbed to an adder's poison
             ... on level 2 of the Dungeon.
             The game lasted 00:00:53 (2334 turns).

qw the Chopper (Barachi Chaos Knight)               Turns: 2334, Time: 00:00:53

HP:   0/25 (28)     AC:  5    Str: 12 (13) XL:     4   Next: 10%
MP:   4/4           EV: 10    Int: 13      God:
Gold: 165           SH:  0    Dex: 11      Spells: 3/3 levels left

rFire   . . .      SeeInvis .   Y - +0 hand axe (chaos)
rCold   . . .      Faith    .   (no shield)
rNeg    + . .      Spirit   .   f - +0 ring mail
rPois   .          Reflect  .   (no helmet)
rElec   .          Harm     .   (no cloak)
rCorr   .          Rampage  .   (no gloves)
Will    .....                   (no boots)
Stlth   +.........              (no amulet)
HPRegen 0.08/turn               g - ring of positive energy
MPRegen 0.09/turn               (no ring)

@: lethally poisoned (0 -> -6), heavily drained, slow
A: amphibious, slowness 1, strong legs 1, +LOS, deterioration 1, frail 2, weak 1
a: Hop


You were on level 2 of the Dungeon.
You visited 1 branch of the dungeon, and saw 2 of its levels.

You collected 165 gold pieces.


Innate Abilities, Weirdness & Mutations

You are amphibious.
You cover ground slowly.
You can hop short distances.
You have an extended range of vision and can be seen from far away.
Your body sometimes deteriorates upon taking damage.
You are very frail. (-20% HP)
You are weak. (Str -2)


   Skills:
 - Level 3.6 Fighting
 + Level 5.3 Axes
 - Level 2.4 Armour
 - Level 1.1 Dodging


You had 3 spell levels left.
You didn't know any spells.
Your spell library was empty.

Inventory:

Hand Weapons
 b - a +0 club
 Y - a +0 hand axe of chaos (weapon)
Armour
 a - the +3 leather armour of the Armoured One {Dex+3}
   (You found it on level 2 of the Dungeon)

   Dex:       It affects your dexterity (+3).
 f - a +0 ring mail (worn)
 o - a +0 cloak
Jewellery
 g - a ring of positive energy (left hand)
 r - an amulet of the acrobat
Scrolls
 k - a scroll of enchant weapon {unknown}
 m - a scroll of enchant armour
 n - a scroll of identify
 p - a scroll of fear {unknown}
Potions
 d - a potion of heal wounds {unknown}
 e - a potion of might {unknown}
 h - a potion of haste {unknown}
 i - 2 potions of degeneration {unknown}
 j - a potion of lignification {unknown}
 l - a potion of brilliance {unknown}
 q - 2 potions of attraction {unknown}
Miscellaneous
 c - a piece from Xom's chessboard (15/15)

Dungeon Overview and Level Annotations

Branches:
Dungeon (2/15)

Altars:


Message History

You hit the adder but do no damage.
The adder bites you but does no damage. x2
You barely miss the adder. The adder bites you but does no damage.
You barely miss the adder. The adder bites you but does no damage.
You closely miss the adder. The adder bites you.
The adder completely misses you.
You closely miss the adder. The adder bites you.
You closely miss the adder. The adder barely misses you.
You closely miss the adder. The adder bites you but does no damage.
The adder bites you.
You barely miss the adder. The adder bites you.
You hit the adder but do no damage. The adder bites you.
You are poisoned.
The adder poisons you!
You barely miss the adder.
You feel sick. The adder bites you but does no damage.
You hit the adder.
The adder is moderately wounded.
You feel sick. The adder bites you.
You are lethally poisoned!
The adder poisons you! The adder barely misses you.
You closely miss the adder.
The adder is moderately wounded.
You feel very sick. The adder bites you but does no damage.
You miss the adder.
The adder is moderately wounded.
You feel sick. The adder barely misses you.
You hit the adder.
The adder is heavily wounded.
You feel sick. The adder closely misses you. The adder bites you.
You closely miss the adder.
The adder is heavily wounded.
You die...

#....##.# ######
#....##.# #.....
###.###.# #.####
#.###+####### #.....
#.##........#############
#.##.....$...............
#.##.................####
#.##...S....########.#...
#.# #@# #.........####
#.# #.# #.#...........
#.######.# ##.#########
#........# # ........
########## ##.##### #....
#.### #.... #####


You could see an adder.

Vanquished Creatures
  2 adders (D:2)
  A worm (D:2)
  2 dart slugs (D:1)
  6 ball pythons
  An endoplasm (D:1)
  3 giant cockroaches
  5 goblins
  2 hobgoblins
  2 jackals (D:1)
  A quokka (D:1)
  3 bats (D:1)
  2 frilled lizards (D:2)
  3 kobolds (D:1)
  6 rats
39 creatures vanquished.

Vanquished Creatures (others)
  A rat zombie (D:1)
1 creature vanquished.

Grand Total: 40 creatures vanquished

Notes
Turn   | Place    | Note
-------+----------+-------------------------------------------
     0 | D:1      | qw the Barachi Chaos Knight began the quest for the Orb.
     0 | D:1      | Reached XP level 1. HP: 18/18 MP: 1/1
     0 | D:1      | 0 ||| qw: Version: 0.1-a-103-gd6f5d3a
     0 | D:1      | 0 ||| qw: Game counter: 5564
     0 | D:1      | 0 ||| qw: Always use a shield: true
     0 | D:1      | 0 ||| qw: God list: Okawaru
     0 | D:1      | 0 ||| qw: Allow faded altars: false
     0 | D:1      | 0 ||| qw: Do Orc after D:15 true
     0 | D:1      | 0 ||| qw: Do second Lair branch before Depths: true
     0 | D:1      | 0 ||| qw: Lair rune preference: random
     0 | D:1      | 0 ||| qw: Plans: Normal
     0 | D:1      | 0 ||| PLANNING D:1-11
     0 | D:1      | Fell from the grace of Xom
    25 | D:1      | Found a faded altar of an unknown god.
    39 | D:1      | 39 ||| Stepping ~*~*~tactically~*~*~ (stealth).
   117 | D:1      | 117 ||| Stepping ~*~*~tactically~*~*~ (stealth).
   165 | D:1      | Reached XP level 2. HP: 24/24 MP: 2/2
   224 | D:1      | 224 ||| Stepping ~*~*~tactically~*~*~ (stealth).
   229 | D:1      | 229 ||| Stepping ~*~*~tactically~*~*~ (stealth).
   234 | D:1      | Reached skill level 4 in Axes
   237 | D:1      | 237 ||| Stepping ~*~*~tactically~*~*~ (stealth).
   244 | D:1      | 244 ||| Stepping ~*~*~tactically~*~*~ (stealth).
   248 | D:1      | 248 ||| Stepping ~*~*~tactically~*~*~ (hiding).
   262 | D:1      | 262 ||| Stepping ~*~*~tactically~*~*~ (stealth).
   280 | D:1      | 280 ||| Stepping ~*~*~tactically~*~*~ (stealth).
   293 | D:1      | 293 ||| Stepping ~*~*~tactically~*~*~ (stealth).
   355 | D:1      | 355 ||| Stepping ~*~*~tactically~*~*~ (hiding).
   357 | D:1      | 357 ||| Stepping ~*~*~tactically~*~*~ (hiding).
   447 | D:1      | XOM: give mutations
   447 | D:1      | Gained mutation: Your body sometimes deteriorates upon
                  | taking damage. [Xom's mischief]
   447 | D:1      | Gained mutation: You are frail. (-10% HP) [Xom's mischief]
   586 | D:1      | Reached XP level 3. HP: 25/26 MP: 3/3
   767 | D:1      | 767 ||| Stepping ~*~*~tactically~*~*~ (hiding).
  1266 | D:1      | 1266 ||| UPGRADING to +0 ring mail.
  1276 | D:1      | 1276 ||| DROPPING +2 leather armour.
  1277 | D:1      | 1277 ||| UPGRADING to ring of positive energy.
  1278 | D:1      | 1278 ||| READING scroll labelled XUTHETI ZIG KIGOL.
  1279 | D:1      | 1279 ||| READING scroll labelled SAWKIU KAED.
  1280 | D:1      | 1280 ||| READING scroll labelled BIVO JUDIA.
  1281 | D:1      | 1281 ||| READING scroll labelled LIUCIR TEFFA.
  1282 | D:1      | 1282 ||| READING 2 scrolls labelled UXIFIY RUVAMA.
  1283 | D:1      | 1283 ||| READING scroll labelled SUOSASUENN.
  1284 | D:1      | 1284 ||| READING scroll labelled YMUTAE JUDICOD.
  1285 | D:1      | 1285 ||| Stepping randomly (stuck).
  1286 | D:1      | 1286 ||| Stepping ~*~*~tactically~*~*~ (cloud).
  1292 | D:1      | HP: 6/26 [poisoned by you (poison gas)]
  1632 | D:2      | Identified the +3 leather armour of the Armoured One
                  | {Dex+3}
  1639 | D:2      | 1639 ||| Stepping ~*~*~tactically~*~*~ (stealth).
  1640 | D:2      | 1640 ||| Stepping ~*~*~tactically~*~*~ (stealth).
  1716 | D:2      | XOM: noise
  1767 | D:2      | Reached skill level 5 in Axes
  1909 | D:2      | XOM: chaos cloud
  1910 | D:2      | 1910 ||| Stepping ~*~*~tactically~*~*~ (cloud).
  1956 | D:2      | Reached XP level 4. HP: 32/32 MP: 4/4
  2085 | D:2      | 2085 ||| Stepping ~*~*~tactically~*~*~ (stealth).
  2164 | D:2      | XOM: draining
  2216 | D:2      | XOM: give mutations
  2216 | D:2      | Gained mutation: You are very frail. (-20% HP) [Xom's
                  | mischief]
  2216 | D:2      | Gained mutation: You are weak. (Str -2) [Xom's mischief]
  2332 | D:2      | HP: 5/25 [poisoned by an adder]
  2333 | D:2      | HP: 2/25 [adder (2)]
  2334 | D:2      | Succumbed to an adder's poison

Levels and vault maps discovered:
D:1:      saegor_arrival_simple_b, layout_basic, shapermc_ecumenical_altar_venn
D:2:      layout_basic

Skill      XL: |  1  2  3 |
---------------+----------+-----
Axes           | 4 5 |  5.3
Fighting       | |  3.6
Armour         | |  2.4
Dodging        | |  1.1

Action                   |  1- 3 |  4- 6 || total
-------------------------+-------+-------++-------
Melee: Hand axe          |    99 |    27 ||   126
       Punch             |     2 |       ||     2
Invok: Renounce Religion |     1 |       ||     1
  Use: Scroll            |     7 |       ||     7
 Stab: Paralysed         |     1 |       ||     1
Armor: Leather armour    |    27 |       ||    27
       Ring mail         |     5 |    11 ||    16
Dodge: Dodged            |    47 |     6 ||    53

Table legend:
 A = Non-vault XP
 B = Vault XP
 C = Vault XP percentage of total XP
 D = Non-vault monster count
 E = Vault monster count
 F = Vault count percentage of total count
                 A         B        C        D         E       F
            +---------+---------+-------+---------+---------+-------
      Total |      91 |       0 |   0.0 |      39 |       0 |   0.0
            +---------+---------+-------+---------+---------+-------
        D:1 |      42 |       0 |   0.0 |      24 |       0 |   0.0
        D:2 |      49 |       0 |   0.0 |      15 |       0 |   0.0
            +---------+---------+-------+---------+---------+-------
